 Dungeon Crawl Stone Soup version 0.31-a0-940-gdaa99269f9 (webtiles) character file.

Game seed: 15331996614545684871

63 gelatine the Ruffian (level 3, -3/26 HPs)
             Began as a Demonspawn Shapeshifter on Oct 20, 2023.
             Slain by a gnoll
             ... wielding a +0 club
              (8 damage)
             ... on level 2 of the Dungeon.
             The game lasted 00:04:32 (1636 turns).

gelatine the Ruffian (Demonspawn Shapeshifter)      Turns: 1636, Time: 00:04:32

Health: -3/26      AC:  2    Str: 16    XL:     3   Next: 87%
Magic:  3/3        EV: 12    Int: 11    God:
Gold:   99         SH:  0    Dex: 18    Spells: 0/2 levels left

rFire   . .          .
                       - Unarmed
rCold   . . .        (no shield)
rNeg    . . .        a - +0 animal skin
rPois   +            (helmet currently unavailable)
rElec   .            (cloak currently unavailable)
rCorr   .            (gloves currently unavailable)
SInv    .            (boots currently unavailable)
Will    .....        (no amulet)
Stlth   ++           n - ring of poison resistance
HPRegen 0.24/turn    q - +6 ring of dexterity
MPRegen 0.16/turn

%: no passive effects
@: beast-form
A: beast (slay +1), magic regeneration
a: Begin Untransformation


You were on level 2 of the Dungeon.
You were a hulking beast.
You visited 1 branch of the dungeon, and saw 3 of its levels.

You collected 99 gold pieces.

Inventory:

Missiles
 h - 10 stones (quivered)
 l - 5 poisoned darts
Armour
 a - a +0 animal skin (worn)
 f - a +0 pair of boots
 r - a +0 plate armour
Jewellery
 i - a ring of ice
 m - a ring of protection from fire
 n - a ring of poison resistance (left hand)
 q - a +6 ring of dexterity (right hand)
Talismans
 c - a beast talisman (active)
 d - a flux talisman
Scrolls
 e - a scroll of teleportation
 j - a scroll of identify {unknown}
 o - a scroll of blinking {unknown}
 p - a scroll of enchant armour {unknown}
 s - a scroll of brand weapon {unknown}
Potions
 b - a potion of lignification
 g - a potion of heal wounds {unknown}
 k - a potion of brilliance {unknown}


   Skills:
 + Level 1.2 Fighting
 + Level 1.8 Dodging
 + Level 0.2 Stealth
 + Level 3.6 Unarmed Combat
 * Level 0.2 Spellcasting
 * Level 0.3 Translocations
 * Level 3.2 Shapeshifting


You couldn't memorise any spells.
You knew the following spells:

 Your Spells              Type           Power      Damage    Failure   Level
a - Blink                 Tloc           0%         N/A       41%         2

Your spell library contained the following spells:

 Spells                   Type           Power      Damage    Failure   Level
 Lesser Beckoning         Tloc           0%         N/A       41%         2
 Momentum Strike          Conj/Tloc      0%         3d8       45%         2


Dungeon Overview and Level Annotations

Branches:
Dungeon (3/15)

Altars:


Innate Abilities, Weirdness & Mutations

You are a hulking beast.
Your limbs bulge with bestial killing power. (Slay +1)
You regenerate magic rapidly.


Message History

The gnoll barely misses you.
You barely miss the gnoll.
The gnoll is severely wounded.
The gnoll hits you with a +0 club.
* * * LOW HITPOINT WARNING * * *
You punch the gnoll!
You kill the gnoll!
Things that are here:
a +0 club; a gnoll corpse
s - a scroll labelled ATHROL FASSIFO
Things that are here:
a +0 club; a gnoll corpse
There is a stone staircase leading up here.
You now have 99 gold pieces (gained 11).
There is a stone staircase leading up here.
Things that are here:
a +0 club; a gnoll corpse You start resting.
HP restored.
Things that are here:
a +0 club; a gnoll corpse
There is a stone staircase leading up here.
You climb upwards.
The gnoll barely misses you. The gnoll hits you with a +0 club.
The gnoll closely misses you.
There is a stone staircase leading down here.
You hit the gnoll.
The gnoll is moderately wounded.
You closely miss the gnoll. The gnoll closely misses you.
You hit the gnoll.
The gnoll is heavily wounded.
The gnoll hits you with a +0 club. The gnoll hits you with a +0 club!
The gnoll barely misses you. The gnoll hits you with a +0 club!
* * * LOW HITPOINT WARNING * * *
The gnoll attacks as it pursues you! The gnoll misses you.
The gnoll attacks as it pursues you! The gnoll hits you with a +0 club.
* * * LOW HITPOINT WARNING * * *
There is an open door here.
The gnoll attacks as it pursues you! The gnoll hits you with a +0 club!
You die...

#.#.# #######.........# #.#.#
##..........# #.#.####
#...........#
#.#....####'####......#
#.#....#.......########
#†#....#.⌠...⌠.#
###.#)..)#.....†.###############
....'....+...⌠...g.g.g.>..!.....
###.#....#......h######..########
#.######.⌠...⌠.#...............
#.# #......)######..#....... #..
####'####.......#.######
###########>...########.##.......
.................# #.##.#.#...
################.# #.##.._.. .
#†# ###+##.# #.# #.# #....#?. .#


You could see 3 gnolls.

Vanquished Creatures
  2 gnolls
  An adder (D:2)
  A worm (D:2)
  3 endoplasms (D:1)
  4 giant cockroaches
  3 goblins (D:1)
  A hobgoblin (D:2)
  3 kobolds
  2 quokkas (D:1)
  5 ball pythons
  2 bats (D:2)
  2 frilled lizards (D:1)
  4 rats (D:1)
33 creatures vanquished.

Notes
Turn   | Place    | Note
-------+----------+-------------------------------------------
     0 | D:1      | gelatine the Demonspawn Shapeshifter began the quest for
                  | the Orb.
     0 | D:1      | Reached XP level 1. HP: 15/15 MP: 1/1
   286 | D:1      | Gained mutation: You regenerate magic rapidly. [demonic
                  | ancestry]
   286 | D:1      | Reached XP level 2. HP: 18/21 MP: 2/2
  1027 | D:1      | Reached XP level 3. HP: 26/26 MP: 3/3
  1162 | D:2      | Learned a level 2 spell: Blink
  1518 | D:2      | Found a faded altar of an unknown god.
  1636 | D:2      | Slain by a gnoll

Illustrated notes

Levels and vault maps discovered:
D:1:      lightli_arrival_quake, layout_loops_ring
D:2:      layout_basic, chequers_ecumenical_altar_simple, minmay_fountain_box
D:3:      layout_basic, gammafunk_ghost_icy, serial_shops, shop

Skill      XL: |  1  2 |
---------------+-------+-----
Shapeshifting  | 3 |  3.2
Unarmed Combat | 3 |  3.6
Fighting       | |  1.2
Dodging        | |  1.8
Stealth        | |  0.2
Spellcasting   | |  0.2
Translocations | |  0.3

Action                     || total
---------------------------++-------
  Melee: Unarmed           ||    94
         Punch             ||     1
  Throw: Stone             ||    12
    Use: Scroll            ||     1
   Stab: Sleeping          ||     2
 Armour: Animal skin       ||    46
  Dodge: Dodged            ||    53

Table legend: (Time is in decaauts)
 A = Elapsed time spent in this place.
 B = Non-inter-level travel time spent in this place.
 C = Inter-level travel time spent in this place.
 D = Time resting spent in this place.
 E = Time spent auto-exploring this place.
 F = Levels seen in this place.
 G = Mean time per level.
                   A        B        C        D        E       F      G
               +--------+--------+--------+--------+--------+-----+--------+
         Total |   1629 |   1253 |    376 |     76 |    844 |   3 |  543.0 |
       Dungeon |   1629 |   1253 |    376 |     76 |    844 |   3 |  543.0 |
               +--------+--------+--------+--------+--------+-----+--------+

Top non-repeatable levels by time:
     D:1: 1059 daAuts
     D:2: 474 daAuts
     D:3: 94 daAuts
